Cogmind - Beta 14 @@@ ROGUE MODE // 2024.11.15 @ 03:25:20 Player: Blue Result: Destroyed by 8R-AWN with 8R-AWN's Boregun Performance ------------- Evolutions (0) 0 Regions Visited (3) 600 Robots Destroyed (23) 115 Value Destroyed (494) 494 Prototype IDs (25) 500 Alien Tech Used (0) 0 Bonus (265) 265 TOTAL SCORE: 1974 Bonus ------- Aligned with FarCom 300 Friendly Fire -35 Cogmind --------- Core Integrity 0/250 Matter 130/300 Energy 170/170 System Corruption 4% Temperature Cool (0) Movement Walking (210) Ox1 Location -10/Exiles Parts ------- > --- POWER (1) -------- Makeshift Power Source > --- PROPULSION (2) --- Light Treads Makeshift Leg > --- UTILITY (2) ------ Large Storage Unit Light Armor Plating > --- WEAPON (2) ------- Battle Cannon Longsword +1 > --- INVENTORY (15) --- Light Ion Engine Light Ion Engine Light Nuclear Core Improved Heat Sink Small Storage Unit Seismic Detector Makeshift ECM Suite Tractor Beam Beam Cannon Assault Rifle Light Cannon Grenade Launcher Hammer Peak State ------------ > --- POWER ------------ Makeshift Power Source > --- PROPULSION ------- Light Treads Makeshift Leg > --- UTILITY ---------- Large Storage Unit Light Armor Plating > --- WEAPON ----------- Battle Cannon Longsword +1 > --- INVENTORY -------- Light Ion Engine Light Ion Engine Light Nuclear Core Improved Heat Sink Small Storage Unit Seismic Detector Makeshift ECM Suite Tractor Beam Beam Cannon Assault Rifle Light Cannon Grenade Launcher Hammer [Rating: 22] Favorites ----------- Power Light Nuclear Core Engine Light Ion Engine Power Core Light Nuclear Core Propulsion Light Treads Treads Light Treads Leg Makeshift Leg Wheel Compact Wheel Flight Unit Flight Unit Utility Large Storage Unit Device Seismic Detector Storage Large Storage Unit Protection Light Armor Plating Weapon Assault Rifle Energy Cannon Beam Cannon Ballistic Gun Assault Rifle Ballistic Cannon Light Cannon Slashing Weapon Longsword +1 Build | -11 -10 -10 -10 ------- Run | Yrd Mat Min Exi Slots Evolved . | . . . . Power . | . . . . Propulsion . | . . . . Utility . | . . . . Weapon . | . . . . Parts Attached 31 | 10 7 5 9 Power 6 | 2 . 1 3 Engine 4 | 2 . . 2 Core 2 | . . 1 1 Reactor . | . . . . Propulsion 10 | 4 3 2 1 Treads 6 | 2 3 1 . Leg 1 | . . . 1 Wheel 2 | 2 . . . Hover . | . . . . Flight 1 | . . 1 . Utility 7 | 2 3 1 1 Device 3 | 1 2 . . Storage 2 | 1 1 . . Processor . | . . . . Hackware . | . . . . Protection 2 | . . 1 1 Artifact . | . . . . Weapon 8 | 2 1 1 4 Energy Gun . | . . . . Energy Cannon 1 | . . . 1 Ballistic Gun 3 | 2 1 . . Ballistic Cannon 2 | . . 1 1 Launcher . | . . . . Special Weapon . | . . . . Impact Weapon . | . . . . Slashing Weapon 2 | . . . 2 Piercing Weapon . | . . . . Special Melee Weapon . | . . . . Unidentified Prototypes . | . . . . Parts Lost 8 | . 2 4 2 Power 2 | . . 1 1 Propulsion 3 | . 1 1 1 Utility 1 | . . 1 . Weapon 2 | . 1 1 . Highest Loss Streak 3 | . 2 3 2 To Critical Strikes . | . . . . Average Slot Usage (%) 96 | . 99 92 98 Engine 6 | . 14 . 1 Core 7 | . . 13 12 Treads 27 | . 27 27 26 Device 6 | . 13 1 . Storage 14 | . 14 14 14 Protection 4 | . . 5 13 Ballistic Gun 20 | . 28 15 10 Ballistic Cannon 7 | . . 12 13 Peak Build Rating 22 | 7 8 10 22 Average Rating 8 | 5 7 9 11 On Entrance 6 | . 7 8 10 Naked Turns . | . . . . Heaviest Build 34 | 13 28 33 34 Greatest Support 40 | 40 40 40 40 Greatest Overweight (x) 4 | 3 4 . 1 Average Overweight (x) . | . . . . Largest Inventory Capacity 15 | 8 15 15 15 Average Capacity 12 | 7 8 15 15 Most Carried 13 | 3 9 10 13 Average Carried 8 | 1 7 9 10 Final Capacity 15 | 8 15 15 15 Final Carried 13 | 3 9 10 13 Class Distribution -------------------- 100% | Mutant Dominant Class ---------------- Mutant | -10/Materials Mutant | -10/Mines Mutant | -10/Exiles Resources | -11 -10 -10 -10 ----------- Run | Yrd Mat Min Exi Matter Collected 864 | 236 389 213 26 Remotely . | . . . . Salvage Created 704 | 25 434 165 80 Parts 49 | 3 30 15 1 Haulers Intercepted 1 | . 1 . . Recyclers Shooed 1 | . 1 . . Parts Field Recycled . | . . . . Retrieved Matter . | . . . . Parts Self-Destructed . | . . . . Prevented . | . . . . Kills | -11 -10 -10 -10 ------- Run | Yrd Mat Min Exi Combat Hostiles Destroyed 21 | . 9 8 4 Melee 3 | . . . 3 Guns 17 | . 9 8 . Cannons 1 | . . . 1 Classes Destroyed 8 | 1 5 . 2 Builder 1 | . 1 . . Tunneler 1 | 1 . . . Hauler 1 | . 1 . . Watcher 2 | . 2 . . Swarmer 8 | . 2 6 . Grunt 9 | . 7 2 . Zionite 1 | . . . 1 Assembled 4 | . . . 4 Best Kill Streak 5 | 1 5 4 5 Combat Bots Only 4 | . 4 4 4 Max Kills in Single Turn 2 | 1 2 2 1 Gunslinging 1 | . . 1 . Exploded . | . . . . Melee 1 | . . . 1 Uniques/NPCs Destroyed . | . . . . Combat | -11 -10 -10 -10 -------- Run | Yrd Mat Min Exi Hostile Shots Fired 132 | . 51 47 34 Missed 25 | . 6 10 9 Damage Taken 1367 | . 544 393 430 Core 274 | . 68 89 117 Absorbed by Shields . | . . . . Core Remaining (%) 100 | 100 . . . Volleys Fired 70 | 3 35 21 11 Largest 2 | 2 2 2 2 Hottest 95 | 40 40 55 95 Shots Fired 138 | 6 71 43 18 Gun 116 | 6 71 39 . Cannon 22 | . . 4 18 Launcher . | . . . . Special . | . . . . Kinetic 129 | 6 71 43 9 Thermal 9 | . . . 9 Explosive . | . . . . Electromagnetic . | . . . . Robot Hit Streak 13 | 1 6 13 2 Robot Miss Streak 5 | 5 3 3 5 Penetration Max . | . . . . Secondary Targets 4 | . 1 3 . Max Gunslinging Chain 1 | . 1 1 . Shots Hit Robots 83 | 1 43 26 13 Core Hits 41 | 1 22 11 7 Critical Kills 1 | . . 1 . Critical Parts Destroyed 2 | . 1 1 . Critical Strikes 4 | . 1 2 1 Destroy 3 | . 1 2 . Sever 1 | . . . 1 Melee Attacks 11 | . . . 11 Impact . | . . . . Slashing 11 | . . . 11 Piercing . | . . . . Sneak Attacks . | . . . . Combat Hostiles . | . . . . Follow-up Attacks . | . . . . Damage Inflicted 1509 | 26 576 347 560 Guns 935 | 26 576 333 . Cannons 181 | . . . 181 Explosions . | . . . . Melee 379 | . . . 379 Ramming 14 | . . 14 . Kinetic 1029 | 26 576 333 94 Thermal 87 | . . . 87 Explosive . | . . . . Electromagnetic . | . . . . Impact . | . . . . Slashing 379 | . . . 379 Piercing . | . . . . Highest Corruption 4 | . 4 4 4 Average Corruption 3 | . 3 4 4 Corruption Purged . | . . . . Corruption Blocked . | . . . . Effects 54 | . 15 25 14 Message Errors 8 | . 3 5 . Matter Fused 15 | . 5 9 1 Heat Flow Errors 7 | . 3 2 2 Energy Discharges 8 | . 2 3 3 Data Loss (minor) 10 | . 1 3 6 Data Loss (major) 1 | . . . 1 Misfires 5 | . 1 3 1 Overload Shots . | . . . . Overflow Damage 31 | . . . 31 Projectiles 9 | . . . 9 Explosions . | . . . . Melee 22 | . . . 22 Knockbacks 2 | . . . 2 Impact . | . . . . Kinetic 2 | . . . 2 Secondary . | . . . . Self-Inflicted Damage . | . . . . Shots . | . . . . Rammed 2 | . . 2 . Targets Rammed 2 | . . 2 . Kicked . | . . . . Crushed . | . . . . Highest Temperature 352 | . 179 268 352 Average Temperature 115 | . 51 95 157 Received Heat Transfer 514 | . 288 126 100 Effects 1 | . . . 1 Matter Decay 1 | . . . 1 Siege Activations . | . . . . Robots Corrupted . | . . . . Combat Hostiles . | . . . . Parts Fried . | . . . . Impact Corruptions . | . . . . Robots Melted . | . . . . Combat Hostiles . | . . . . Parts Melted . | . . . . Heat Transferred 185 | . . . 185 Parts Sabotaged . | . . . . Parts Stolen . | . . . . Parts Stripped . | . . . . Power Chain Reactions . | . . . . Alert | -11 -10 -10 -10 ------- Run | Yrd Mat Min Exi Peak Influence 209 | 5 128 209 . Initial 19 | . 3 19 . Average 58 | 1 45 78 . Maximum Alert Level 1 | . . 1 . Low Security (%) 97 | 100 100 93 . Level 1 2 | . . 6 . Level 2 . | . . . . Level 3 . | . . . . Level 4 . | . . . . Level 5 . | . . . . High Security . | . . . . Max Security . | . . . . Squads Dispatched 3 | . 3 . . Investigation 2 | . 2 . . Extermination . | . . . . Reinforcement 1 | . 1 . . Assault . | . . . . Garrison . | . . . . Intercept . | . . . . Searches Triggered . | . . . . Construction Impeded . | . . . . Haulers Reinforced . | . . . . Active Scanning Responses . | . . . . Cargo Convoy Interrupts . | . . . . Stealth | -11 -10 -10 -10 --------- Run | Yrd Mat Min Exi Distress Signals . | . . . . Communications Jammed . | . . . . Distress Signals . | . . . . Times Spotted 40 | . 15 10 15 Peak Tracking Total 14 | . 4 6 14 Tactical Retreats 2 | . . 1 1 Traps | -11 -10 -10 -10 ------- Run | Yrd Mat Min Exi Traps Triggered 6 | . 6 . . Indirectly . | . . . . Trap Hack Attempts . | . . . . Triggered . | . . . . Disarmed . | . . . . Reprogrammed . | . . . . Reused . | . . . . Traps Extracted . | . . . . Installed . | . . . . Triggered . | . . . . Machines | -11 -10 -10 -10 ---------- Run | Yrd Mat Min Exi Machines Disabled 5 | . . . 5 Max in Single Turn 1 | . . . 1 Machines Repaired . | . . . . Machines Dismantled . | . . . . Machines Sabotaged . | . . . . Overloaded Fab Kills . | . . . . Hacking | -11 -10 -10 -10 --------- Run | Yrd Mat Min Exi Machines Accessed 6 | . 4 1 1 Terminals 5 | . 4 1 . Fabricators . | . . . . Repair Stations . | . . . . Recycling Units . | . . . . Scanalyzers . | . . . . Garrison Access . | . . . . Total Hacks 14 | . 9 4 1 Successful 7 | . 4 2 1 Failed 7 | . 5 2 . Catastrophic 2 | . 2 . . Database Lockouts . | . . . . Manual 3 | . 2 . 1 Terminals 13 | . 9 4 . Fabricators . | . . . . Repair Stations . | . . . . Recycling Units . | . . . . Scanalyzers . | . . . . Garrison Access . | . . . . Terminal Hacks 7 | . 4 2 1 Prototype ID Bank 1 | . 1 . . Branch Access Points 1 | . 1 . . Dispatch Records 1 | . . 1 . Patrol Status 1 | . . 1 . Recall Investigation 1 | . 1 . . Registered Components 1 | . 1 . . Derelict Proto ID Bank 1 | . . . 1 Fabricator Hacks . | . . . . Repair Station Hacks . | . . . . Recycling Unit Hacks . | . . . . Scanalyzer . | . . . . Garrison Access Hacks . | . . . . Unauthorized Hacks . | . . . . Terminals . | . . . . Fabricators . | . . . . Repair Stations . | . . . . Recycling Units . | . . . . Scanalyzers . | . . . . Garrison Access . | . . . . Data Cores Recovered . | . . . . Used . | . . . . Hacking Detections 5 | . 4 1 . Full Trace Events . | . . . . Feedback Events . | . . . . Feedback Blocked . | . . . . Robot Schematics Acquired . | . . . . Robots Built . | . . . . Authchips . | . . . . Time . | . . . . Total Robot Build Rating . | . . . . Part Schematics Acquired . | . . . . Parts Built . | . . . . Authchips . | . . . . Time . | . . . . Total Part Build Rating . | . . . . Parts Repaired . | . . . . Time . | . . . . Parts Recycled . | . . . . Recycled Matter . | . . . . Retrieved Matter . | . . . . Retrieved Components . | . . . . Parts Scanalyzed . | . . . . Part Schematics Acquired . | . . . . Parts Damaged . | . . . . Bothacking | -11 -10 -10 -10 ------------ Run | Yrd Mat Min Exi Used RIF Installer . | . . . . Robots Hacked . | . . . . Non-combat . | . . . . Combat . | . . . . Robot Hacks Applied . | . . . . Relay Couplers Released . | . . . . Fabnet Peak Effective % . | . . . . Robots Rewired . | . . . . Allies Hacked . | . . . . Hacks Repelled . | . . . . Allies | -11 -10 -10 -10 -------- Run | Yrd Mat Min Exi Total Allies 4 | . . 4 . Largest Group 4 | . . 4 4 Highest-Rated Group 71 | . . 71 71 Highest-Rated Ally 31 | . . 31 31 Total Orders . | . . . . Ally Attacks 29 | . . . 29 Total Damage 227 | . . . 227 Kills 5 | . . . 5 Allies Corrupted 1 | . . . 1 Allies Melted . | . . . . Intel | -11 -10 -10 -10 ------- Run | Yrd Mat Min Exi Robot Analysis Total . | . . . . Derelict Logs Recovered 1 | . . 1 . Drone Launches . | . . . . Drone Recoveries . | . . . . Exploration | -11 -10 -10 -10 ------------- Run | Yrd Mat Min Exi Turns Passed 2752 | 90 1154 1006 502 Spaces Moved 1519 | 47 627 578 267 Core 17 | 16 1 . . Treads 1490 | 25 626 578 261 Legs 6 | . . . 6 Wheels 6 | 6 . . . Hover . | . . . . Flight . | . . . . Fastest Speed 50 | 50 160 160 160 Average Speed 159 | 140 160 160 162 Slowest Speed 250 | 200 250 160 240 Overloaded Moves . | . . . . Propulsion Burnouts . | . . . . Robots Hopped . | . . . . Cave-ins Triggered . | . . . . Exploration Rate (%) 63 | 4 76 97 75 Regions Visited 3 Branch Regions 2 Pre-discovered Areas 1 | . . 1 . Known Exits Taken 1 | . 1 . . Unknown Exits Taken 2 | 1 . 1 . Scrap Searched 1 | . . 1 . Spaces Dug . | . . . . Terrain Destroyed . | . . . . Melee . | . . . . Projectile . | . . . . AOE . | . . . . Terrain Rammed . | . . . . Walls Destroyed . | . . . . Machines Disabled . | . . . . Actions | -11 -10 -10 -10 --------- Run | Yrd Mat Min Exi Total 1691 | 62 707 617 305 Wait 40 | . 27 8 5 Move 1516 | 46 626 577 267 Hop . | . . . . Pick Up 13 | . 8 3 2 Fast Attach 19 | 10 4 3 2 Attach 5 | . 2 2 1 Detach 4 | 3 1 . . Swap 7 | . 1 . 6 Drop 4 | . 3 1 . Fire 70 | 3 35 21 11 Melee 11 | . . . 11 Ram . | . . . . Kick . | . . . . Crush 2 | . . 2 . Escape Stasis . | . . . . Rewire . | . . . . Trap . | . . . . Miscellaneous . | . . . . Route ------- -11/Scrapyard -10/Materials (discovered 3 exits: [*Mat x2] / *Min) -10/Mines (discovered 3 exits: [*Mat x2] / *Exi) -10/Exiles History --------- Turn | Location | Event 35 | -11/Scrapyard | Discovered new exit (range 15) 91 | -11/Scrapyard | Entered Materials 311 | -10/Materials | Build established: Mutant 461 | -10/Materials | Discovered new exit (range 11) 626 | -10/Materials | Identified exit to Mines 671 | -10/Materials | Discovered new exit (range 3) 775 | -10/Materials | Discovered new exit (range 16) 1245 | -10/Materials | Entered Mines 1334 | -10/Mines | Core integrity fell below 50% 1381 | -10/Mines | Lost 3 parts (1n1u1w) 1610 | -10/Mines | A weapon hastily lodged in a ceiling crevice suddenly fell to the ground 2097 | -10/Mines | Discovered new exit (range 7) 2100 | -10/Mines | Received a Mining Laser from a helpful Derelict 2149 | -10/Mines | Discovered new exit (range 14) 2187 | -10/Mines | Assisted by bots powering up and referring to "LRC-V3" 2235 | -10/Mines | Deemed a non-threat by the Exiles lab entrance 2237 | -10/Mines | Discovered new exit (range 5) 2251 | -10/Mines | Entered Exiles 2251 | -10/Exiles | Accompanied by 4 allies 2290 | -10/Exiles | Met 8R-AWN 2317 | -10/Exiles | Met EX-HEX 2365 | -10/Exiles | Met EX-BIN 2384 | -10/Exiles | Aligned with FarCom system 2386 | -10/Exiles | Given EX-Vault access code 2424 | -10/Exiles | Opened EX-Vault 2435 | -10/Exiles | Found Longsword +1 2468 | -10/Exiles | Warned to stay clear of 0b10 Research branches 2515 | -10/Exiles | Met EX-DEC 2570 | -10/Exiles | Visited The Gauntlet 2644 | -10/Exiles | Attacked by the Exiles 2709 | -10/Exiles | Core integrity fell below 20% 2714 | -10/Exiles | Lost 3 allies 2753 | -10/Exiles | Destroyed by 8R-AWN with 8R-AWN's Boregun Last Messages --------------- as-83494 destroyed. Mak. Power Source destroyed. DK-RAY Mak. Leg severed. Lgt. Armor Plating severed. DK-RAY destroyed. as-59566 destroyed. as-98786 destroyed. Acquired Mak. Leg. EX-BIN: "I just want to science!" Acquired 18 matter. Acquired Lgt. Armor Plating. Acquired 8 matter. HV Slug penetrates Testing Apparatus. Penetrated by HV Slug. HV Slug penetrates Testing Apparatus. System corrupted: Matter fused (-6). Destroyed Prototype Protection. Penetrated by HV Slug. HV Slug penetrates Testing Apparatus. Penetrated by HV Slug. Map ----- +----------------------------------------------------+ | ???????????????????????????????## ""# | | ????????????????????????????????#"" """## | | ????????????????????????????????##""" ##? | | ?????????????????????????????????##"""" ##?? | | ??????????????????????????????????### #??? | | ????????????????????????????????????##### ##??? | | ????????????????????????????????????????## #???? | | ?????????????????????????????????????????# #???? | | ?????????????????????????????????????????# #???? | | ?????????????????????????????????????????# #???? | | ??????????####???????????????????????????# #???? | | ?????????""""""???????""""?????"""""?????# #???? | | ?????????"" "??????""""""????""""""????# #???? | | ?????????" ?????""""" "????" """"???# #???? | | ?????????"" "?#""#""" """????"" """???# #???? | | ?????????"" "?#""#"" ""????"" ""???# #???? | | ???########"""###""###"""########"""###### ##### | | ???#"""" "" """"""" """"""" """""" """"" | | ???#" """""" """" " % | | ????""" =%* % | | ???#"""" % %=%! | | ???#"" *%= % | | ???#""" " % % " | | ???#"" """ """""" %z%" """"" " """" """ | | ???########"""########""g###""###"""########"""### | | ?????????"" "????#"" @"#""#"" ""?????? ""? | | ????????#""" ""????#""" #""#""" ""#????? """# | | ????????#" """ ????#" """" ""#" " "#?????"""""# | | ?????????""""""????#"""""""#""?"""""""#????? """"? | | ?????????""""""????#"""""""#""#"""""""#?????""""?? | | ???????????????????####"####?"#??####????????#???? | | ??????????????????????""??????#??????????????????? | | ???????????????????????"?????????????????????????? | | ?????????????????????????????????????????????????? | | ?????????????????????????????????????????????????? | | | | | | | | | | | | | | | | | | | | | | | | | | | | | | | +----------------------------------------------------+ Best States ------------- Heat Dissipation 25 Energy Generation 15 Energy Capacity 170 Matter Stores 300 Matter Capacity 300 Sight Range 16 Robot Scan Range 14 Terrain Scan Density 10 Armor Coverage 150 Evasion (%) 40 Recoil Reduction 2 Item Schematics ----------------- None Robot Schematics ------------------ None Fabricated ------------ Nothing Alien Tech Used ----------------- None Achievements -------------- None Challenges ------------ None Game ------ Seed SuperdenseMetafiberLoader Manual? 0 Play Time 00:21:15 Cumulative 25.6 hours Start 2024.11.12 @ 16:33:41 End 2024.11.15 @ 03:25:20 Sessions 2 Manual Loads 0 Difficulty Rogue Special Mode None Game No. 15 Rogue 15 Adventurer 0 Explorer 0 Win Type - Total 0 Types 0/0/0/0/0/0/0/0/0 Lore% 10 Gallery% 23 Achievement% 20 Wizard Run 0 Options --------- Layout 1 ASCII 0 Keyboard 0 Movement Arrows Keybinds 0 Fullscreen 1 Font 24/Smallcaps Map View 50x35 Zoom Use 0% Tactical HUD 0 Map Filters NONE Filters NONE Steam 1 RUN: c3e94624-2e13-4fa0-ace5-ee556381bcfa